 Dungeon Crawl Stone Soup version 0.28-a0-401-ge240ad9e29 (webtiles) character file.

Game seed: 6703119041221256283

10977 mhtbhm the Unseen (level 12, -15/72 HPs)
             Began as a Kobold Delver on Sept 4, 2021.
             Was a Follower of Uskayaw.
             Demolished by a death yak (20 damage)
             ... on level 9 of the Dungeon.
             The game lasted 00:13:55 (12507 turns).

mhtbhm the Unseen (Kobold Delver)                  Turns: 12507, Time: 00:13:55

Health: -15/72     AC: 14    Str: 10    XL:     12   Next: 2%
Magic:  11/12      EV: 16    Int: 11    God:    Uskayaw [*.....]
Gold:   265        SH:  5    Dex: 19    Spells: 9/11 levels left

rFire   + + +      SeeInvis .   a - +8 rapier of Qazlal's Hope {vorpal, rF+++ rN++ Str-4 Dex-4}
rCold   + . .      Faith    .   (shield restricted)
rNeg    + + .      Spirit   .   b - +2 ring mail {rC+}
rPois   .          Reflect  +   u - +2 hat
rElec   .          Harm     .   r - +0 cloak
rCorr   .          Rampage  .   (no gloves)
Will    +....                   w - +0 pair of boots
Stlth   +++++++...              l - amulet of reflection
HPRegen 0.22/turn               B - ring of willpower
MPRegen 0.13/turn               x - +6 ring of dexterity

@: no status effects
A: small, no large weapons, nightstalker 3, iridescent scales 1
a: Renounce Religion, Stomp


You were on level 9 of the Dungeon.
You worshipped Uskayaw.
Uskayaw was noncommittal.
You visited 1 branch of the dungeon, and saw 9 of its levels.

You collected 1327 gold pieces.
You spent 1062 gold pieces at shops.

Inventory:

Hand Weapons
 a - the +8 rapier of Qazlal's Hope (weapon) {vorpal, rF+++ rN++ Str-4 Dex-4}
   (You bought it in a shop on level 8 of the Dungeon)

   It inflicts extra damage upon your enemies.
   Str:       It affects your strength (-4).
   Dex:       It affects your dexterity (-4).
   rF:        It renders you almost immune to fire.
   rN:        It greatly protects you from negative energy.
 t - a +3 short sword of holy wrath
Missiles
 i - a throwing net (quivered)
Armour
 b - a +2 ring mail of cold resistance (worn)
 r - a +0 cloak (worn)
 u - a +2 hat (worn)
 w - a +0 pair of boots (worn)
Jewellery
 l - an amulet of reflection (around neck)
 x - a +6 ring of dexterity (right hand)
 A - a ring of fire
 B - a ring of willpower (left hand)
Wands
 g - a wand of digging (8)
 j - a wand of flame (50)
 o - a wand of acid (1)
 s - a wand of charming (7)
Scrolls
 c - 4 scrolls of fog
 d - a scroll of magic mapping
 e - 7 scrolls of amnesia
 h - 2 scrolls of enchant armour
 m - a scroll of immolation
 v - a scroll of teleportation {unknown}
Potions
 f - 2 potions of lignification
 n - 3 potions of invisibility
 p - 2 potions of resistance
 q - 2 potions of brilliance


   Skills:
 + Level 7.6 Fighting
 + Level 12.3 Short Blades
 + Level 5.3 Armour
 + Level 6.3 Dodging
 + Level 15.3 Stealth
 + Level 3.7 Shields
 + Level 2.3 Evocations


You had 9 spell levels left.
You knew the following spells:

 Your Spells              Type           Power      Damage    Failure   Level
a - Wereblood             Tmut           0%         N/A       77%         2

Your spell library contained the following spells:

 Spells                   Type           Power      Damage    Failure   Level
 Beastly Appendage        Tmut           0%         N/A       63%         1
 Conjure Flame            Conj/Fire      0%         6-21      94%         3
 Dazzling Flash           Conj/Hex       0%         N/A       94%         3
 Spider Form              Tmut/Pois      0%         N/A       94%         3
 Iskenderun's Mystic Bla  Conj/Tloc      0%         2d3       100%        4
 Starburst                Conj/Fire      0%         6d3       100%        6
 Dragon Form              Tmut           0%         N/A       100%        7


Dungeon Overview and Level Annotations

Branches:
Dungeon (9/15)             Temple (0/1) D:4
   Lair: D:8-11         Orc: D:9-12

Altars:
Ashenzari
Dithmenos
Gozag
Hepliaklqana
Makhleb
Ru
Trog
Uskayaw
Xom
Zin

Shops:
D:8 (


Innate Abilities, Weirdness & Mutations

You are small and have problems with some larger weapons.
You are completely attuned to the shadows.
You are partially covered in iridescent scales. (AC +2)


Message History

The death yak is lightly wounded.
The death yak gores you but does no damage.
You hit the death yak but do no damage.
The death yak is lightly wounded.
The death yak closely misses you.
You puncture the death yak!
The death yak is moderately wounded.
The death yak gores you but does no damage.
You hit the death yak.
The death yak is moderately wounded.
The death yak closely misses you.
You puncture the death yak!
The death yak is heavily wounded.
The death yak gores you!
* * * LOW HITPOINT WARNING * * *
You can now merge with and destroy a victim.
Unknown command.
You feel better. The death yak gores you!
* * * LOW HITPOINT WARNING * * *
The death yak barely misses you.
Unknown command.
Okay, then.
The death yak gores you.
* * * LOW HITPOINT WARNING * * *
The death yak snorts and paws the ground.
The death yak gores you but does no damage.
You can no longer merge with and destroy a victim.
Okay, then.
Okay, then.
Okay, then.
You can no longer pass through a line of other dancers.
Aiming: Corrosive Bolt
Press: ? - help, Shift-Dir - straight line, f - death yak
Aim: a death yak (heavily wounded, 90% to hit)
The bolt of acid hits the death yak!
The acid corrodes the death yak!
The death yak is heavily wounded.
The bolt of acid hits the death yak!
The acid corrodes the death yak!
The death yak is moderately wounded.
The death yak gores you!!
You die...

#.....# +...(.# ...#
######.....# ...#
#..).#.#+### ...#
#.#....# ..#
...##+#'#..### ..#
...........# ..#
.#.........######..#
.#.......Y.#.YYY@..#
.............#######
#..##+#+#.##.# ##.#
#....# #Y# ####.#
#.# ## #.# #.# #..


You could see 3 death yaks.

Vanquished Creatures
  Gastronok (D:8)
  A hydra (D:8)
  A two-headed ogre (D:6)
  Erica (D:8)
  3 death yaks (D:9)
  Pikel (D:5)
  A deep elf pyromancer (D:7)
  Maurice (D:8)
  A troll (D:5)
  Sigmund (D:6)
  Grum (D:8)
  A steam dragon (D:8)
  Menkaure (D:4)
  A water moccasin (D:4)
  4 sky beasts
  3 orc warriors
  2 ogres
  3 ice beasts
  2 hornet zombies (D:8)
  2 necrophages
  2 wolves (D:8)
  4 centaurs
  A lemure (D:5)
  A kobold brigand (D:8)
  2 bullfrogs
  2 scorpions
  2 water moccasin skeletons
  5 wights (D:8)
  3 bullfrog zombies
  A centaur zombie (D:8)
  2 jellies
  4 hounds
  6 orc priests
  Crazy Yiuf (D:5)
  4 bullfrog skeletons
  3 iguanas
  3 orc wizards
  A killer bee zombie (D:3)
  A hound skeleton (D:7)
  10 adders
  4 gnolls (D:7)
  2 shadow imps
  A white imp (D:6)
  2 ufetubi (D:6)
  3 adder skeletons
  2 worms (D:2)
  2 dart slugs
  31 orcs
  6 endoplasms
  5 giant cockroaches
  7 goblins
  5 hobgoblins
  5 kobolds
  A quokka (D:4)
  7 ball pythons
  4 bats
  5 frilled lizards
  7 rats
189 creatures vanquished.

Vanquished Creatures (collateral kills)
  An orc (D:7)
1 creature vanquished.

Grand Total: 190 creatures vanquished

Notes
Turn   | Place    | Note
-------+----------+-------------------------------------------
     0 | D:5      | mhtbhm the Kobold Delver began the quest for the Orb.
     0 | D:5      | Reached XP level 1. HP: 14/14 MP: 1/1
    12 | D:5      | Noticed a sky beast
    58 | D:3      | Reached skill level 7 in Stealth
    58 | D:3      | Reached XP level 2. HP: 19/19 MP: 2/2
    84 | D:3      | Found a faded altar of an unknown god.
    90 | D:3      | Reached XP level 3. HP: 23/23 MP: 3/3
    95 | D:3      | Became a worshipper of Uskayaw the Reveller
    95 | D:3      | Reached * piety under Uskayaw
   106 | D:3      | Found a hazy altar of Hepliaklqana.
   141 | D:3      | Upgraded the game from 0.28-a0-390-gb254ac4902 to
                  | 0.28-a0-401-ge240ad9e29
   188 | D:3      | Reached ** piety under Uskayaw
   677 | D:2      | Reached skill level 8 in Stealth
   677 | D:2      | Reached XP level 4. HP: 28/28 MP: 4/4
   811 | D:2      | Reached *** piety under Uskayaw
  1592 | D:2      | Found a faded altar of an unknown god.
  1942 | D:1      | Reached XP level 5. HP: 33/33 MP: 5/5
  3049 | D:3      | Found a shimmering altar of Xom.
  3085 | D:3      | Reached skill level 1 in Armour
  3363 | D:3      | Reached skill level 9 in Stealth
  3363 | D:3      | Reached XP level 6. HP: 22/38 MP: 6/6
  3950 | D:3      | Found a bloodstained altar of Trog.
  4379 | D:4      | Noticed Menkaure
  4382 | D:4      | Killed Menkaure
  4420 | D:4      | Found a staircase to the Ecumenical Temple.
  4463 | D:4      | Reached XP level 7. HP: 39/42 MP: 7/7
  4886 | D:4      | Noticed a water moccasin
  4904 | D:4      | Killed a water moccasin
  4905 | D:4      | Reached skill level 5 in Short Blades
  5589 | D:4      | Reached skill level 10 in Stealth
  5598 | D:4      | Reached **** piety under Uskayaw
  6254 | D:4      | Gained mutation: You are partially covered in iridescent
                  | scales. (AC +2) [potion of mutation]
  6376 | D:5      | Noticed Pikel
  6417 | D:5      | Killed Pikel
  6418 | D:5      | Reached skill level 1 in Shields
  6418 | D:5      | Reached XP level 8. HP: 38/48 MP: 8/8
  6696 | D:5      | Noticed a troll
  6713 | D:5      | HP: 2/48 [troll (9)]
  6714 | D:5      | Killed a troll
  6715 | D:5      | Reached skill level 5 in Fighting
  6715 | D:5      | Reached skill level 11 in Stealth
  6715 | D:5      | Reached XP level 9. HP: 3/54 MP: 9/9
  7341 | D:5      | Found a runed translucent door.
  7344 | D:5      | Noticed Crazy Yiuf
  7349 | D:5      | Killed Crazy Yiuf
  7668 | D:5      | Found an opulent altar of Gozag.
  7942 | D:5      | Found a glowing silver altar of Zin.
  8097 | D:6      | Identified a scroll of acquirement
  8104 | D:6      | Acquired 777 gold pieces
  8204 | D:6      | Reached skill level 5 in Dodging
  8296 | D:6      | Noticed a two-headed ogre
  8300 | D:6      | Killed a two-headed ogre
  8318 | D:6      | Got the Catalogue of Blistering Transmutation
  8363 | D:6      | Noticed Sigmund
  8367 | D:6      | Killed Sigmund
  8368 | D:6      | Reached XP level 10. HP: 60/60 MP: 10/10
  8654 | D:6      | Found a shadowy altar of Dithmenos.
  8663 | D:6      | Found a sacrificial altar of Ru.
  8744 | D:6      | Learned a level 2 spell: Wereblood
  8973 | D:6      | Reached skill level 12 in Stealth
  8987 | D:6      | Reached skill level 10 in Short Blades
  9065 | D:6      | Found a broken altar of Ashenzari.
  9316 | D:7      | Found a hide-covered altar of Uskayaw.
 10134 | D:7      | Noticed a deep elf pyromancer
 10136 | D:7      | Killed a deep elf pyromancer
 10218 | D:7      | Found a burning altar of Makhleb.
 10237 | D:7      | Reached skill level 1 in Evocations
 10870 | D:8      | Noticed Gastronok
 10884 | D:8      | Killed Gastronok
 10885 | D:8      | Reached skill level 5 in Armour
 10885 | D:8      | Reached skill level 13 in Stealth
 10885 | D:8      | Reached XP level 11. HP: 56/67 MP: 11/11
 11001 | D:8      | Noticed an eight-headed hydra
 11028 | D:8      | Killed an eight-headed hydra
 11405 | D:8      | Noticed Grum
 11425 | D:8      | Killed Grum
 11426 | D:8      | Reached skill level 14 in Stealth
 11431 | D:8      | Reached ***** piety under Uskayaw
 11560 | D:8      | Noticed Maurice
 11564 | D:8      | Killed Maurice
 11788 | D:8      | Noticed Erica
 11807 | D:8      | Killed Erica
 12095 | D:8      | Found Bioruum's Weapon Shop.
 12103 | D:8      | Bought the +8 rapier of Qazlal's Hope {vorpal, rF+++ rN++
                  | Str-4 Dex-4} for 1062 gold pieces
 12452 | D:9      | Noticed a death yak
 12452 | D:9      | Noticed a death yak
 12452 | D:9      | Noticed a death yak
 12453 | D:9      | Noticed a death yak
 12455 | D:9      | Killed a death yak
 12467 | D:9      | Noticed a death yak
 12469 | D:9      | Noticed a death yak
 12475 | D:9      | Killed a death yak
 12476 | D:9      | Reached skill level 15 in Stealth
 12477 | D:9      | Killed a death yak
 12478 | D:9      | Reached XP level 12. HP: 40/72 MP: 12/12
 12492 | D:9      | HP: 1/72 [death yak (5)]
 12507 | D:9      | Demolished by a death yak

Illustrated notes

Levels and vault maps discovered:
D:1:      minmay_arrival_wavy_path, layout_loops_corners
D:2:      layout_loops_corners, ebering_ecumenical_altar_webs,
          kennysheep_doodads, minmay_joined_circles
D:3:      layout_loops_ring, trog_book, xom_teletrap_fun,
          beargit_hepliaklqana_dungeon_heroes
D:4:      layout_basic, minmay_temple_entry_drinking_statues, uniq_menkaure
D:5:      layout_basic, pdpol_temple_overflow_zin_treasury_gozag_greed,
          uniq_crazy_yiuf_cottage, uniq_pikel
D:6:      minmay_octagon_keep, layout_cave_pods, marbit_many_paths,
          mainiacjoe_overflow_swirl, uniq_sigmund
D:7:      layout_loops_corners, mainiacjoe_overflow_paths,
          makhleb_blood_cavern_becter, kennysheep_generic_room_15
D:8:      layout_loops_ring, serial_shops, shop, uniq_grum, uniq_maurice,
          uniq_erica, uniq_gastronok
D:9:      layout_basic, kennysheep_okawaru_gauntlet, dk_yredelemnul_ordeal,
          dpeg_lair_monsters, ebering_ghost_reflecting_pool

Skill      XL: |  1  2  3  4  5  6  7  8  9 10 11 |
---------------+----------------------------------+-----
Stealth        | 7 8 9 10 11 13 15 | 15.3
Short Blades   | 3 4 6 7 9 11 12 | 12.3
Armour         | 1 2 4 5 |  5.3
Fighting       | 4 5 6 7 |  7.6
Dodging        | 3 4 5 6 |  6.3
Shields        | 1 3 |  3.7
Evocations     | 1 2 |  2.3

Action                   |  1- 3 |  4- 6 |  7- 9 | 10-12 || total
-------------------------+-------+-------+-------+-------++-------
Melee: Short sword       |    19 |    50 |   285 |   368 ||   722
       Dagger            |       |   116 |       |       ||   116
       Rapier            |       |       |       |    33 ||    33
Invok: Line Pass         |       |       |       |     1 ||     1
Evoke: Wand              |       |       |     3 |     9 ||    12
  Use: Scroll            |     1 |     4 |     6 |     4 ||    15
       Potion            |       |     2 |     1 |     4 ||     7
 Stab: Sleeping          |     6 |    19 |    10 |    30 ||    65
       Paralysed         |       |     2 |    10 |    16 ||    28
       Distracted        |       |       |     1 |     2 ||     3
       Confused          |       |       |       |     1 ||     1
Armor: Leather armour    |     2 |     9 |    19 |       ||    30
       Ring mail         |       |       |    40 |    51 ||    91
Dodge: Dodged            |     5 |    43 |   129 |   160 ||   337
Block: Other             |       |    12 |    28 |    40 ||    80
       Reflection        |       |       |     1 |       ||     1

Table legend: (Time is in decaauts)
 A = Elapsed time spent in this place.
 B = Non-inter-level travel time spent in this place.
 C = Inter-level travel time spent in this place.
 D = Time resting spent in this place.
 E = Time spent auto-exploring this place.
 F = Levels seen in this place.
 G = Mean time per level.
                   A        B        C        D        E       F      G
               +--------+--------+--------+--------+--------+-----+--------+
         Total |  12019 |  11964 |     55 |   1954 |   8051 |   9 | 1335.4 |
       Dungeon |  12019 |  11964 |     55 |   1954 |   8051 |   9 | 1335.4 |
               +--------+--------+--------+--------+--------+-----+--------+

Top non-repeatable levels by time:
     D:4: 2098 daAuts
     D:2: 1612 daAuts
     D:6: 1579 daAuts
     D:8: 1427 daAuts
     D:7: 1422 daAuts
     D:3: 1376 daAuts
     D:5: 1229 daAuts
     D:1: 1123 daAuts
     D:9: 149 daAuts
